Map: Frozen Temple

Players

capac - Winner!

  • Race: Terran Terran
  • League: Gold

KarmaMan

  • Race: Protoss Protoss
  • League: Silver

VOD

Have the link to the VOD?

Description

Time

  • Played on: April 14, 2016, 1:16 p.m.
  • Length: 14:41
Show
View Real Time Build Order
Export as new Build Order

capac Terran - Winner!

Build Orders: MMM Bio 

Get SALT Encoding   

  12  0:02  SCV  
  13  0:14  SCV  
  13  0:20  Supply Depot  
  14  0:26  SCV  
  15  0:41  SCV  
  16  0:42  Barracks  
  16  0:53  SCV  
  17  0:58  Refinery  
  17  1:05  SCV  
  18  1:18  SCV  
  19  1:30  Orbital Command  
  19  1:31  Marine  
  20  1:43  Command Center  
  20  1:51  Supply Depot  
  20  1:52  Marine  
  21  2:07  Factory  
  21  2:09  SCV  
  21  2:14  Marine  
  23  2:23  Refinery  
  23  2:25  SCV  
  24  2:34  Barracks  
  24  2:40  Barracks Reactor  
  24  2:41  SCV  
  25  2:53  SCV  
  25  2:56  Bunker  
  25  2:58  Orbital Command  
  26  3:06  Starport  
  26  3:09  Widow Mine  
  28  3:13  SCV  
  29  3:25  Starport  
  29  3:27  Barracks Tech Lab  
  29  3:29  SCV  
  29  3:31  SCV  
  31  3:41  Widow Mine  
  31  3:43  Medivac  
  31  3:47  SCV x2  
  37  3:53  Marine x3  
  37  3:55  Refinery  
  40  4:10  SCV x2  
  40  4:13  Starport Reactor  
  42  4:20  Marine  
  42  4:21  Marine  
  42  4:22  Marine  
  42  4:23  Stimpack  
  45  4:26  SCV  
  45  4:30  Supply Depot  
  46  4:35  Supply Depot, Factory Tech Lab  
  46  4:37  Starport Reactor  
  46  4:43  Barracks  
  46  4:51  Marine x3  
  46  4:52  SCV x2  
  51  5:01  Supply Depot  
  51  5:04  SCV x2  
  53  5:09  Marine x3  
  53  5:38  Marine x3  
  53  5:41  Siege Tank  
  59  5:44  Barracks Reactor  
  59  5:56  Marine  
  60  5:57  Marine, Liberator x2  
  60  5:58  Marine  
  60  6:01  Supply Depot  
  62  6:10  Barracks  
  62  6:11  Barracks x2  
  62  6:14  Marine  
  62  6:16  SCV  
  62  6:17  Command Center  
  62  6:18  Liberator  
  70  6:23  SCV  
  71  6:30  Supply Depot  
  71  6:33  Siege Tank  
  73  6:43  Marine x2  
  75  6:49  SCV x2  
  77  6:56  Supply Depot  
  77  7:01  Barracks Tech Lab x2, SCV  
  77  7:02  Barracks Reactor  
  77  7:03  Combat Shields  
  77  7:05  Siege Tank  
  81  7:11  Engineering Bay  
  81  7:15  Engineering Bay  
  81  7:21  Marine  
  81  7:22  Marine x3  
  85  7:23  Marauder x2  
  85  7:28  Liberator x2  
  89  7:37  Siege Tank  
  89  7:43  Marauder  
  94  7:48  SCV  
  94  7:49  SCV  
  102  7:58  Orbital Command  
  102  8:11  Refinery, Siege Tank  
  105  8:15  Supply Depot  
  105  8:16  Marauder x2  
  109  8:20  Liberator  
  109  8:22  Concussive Shells  
  109  8:25  Orbital Command  
  112  8:47  Siege Tank  
  112  8:48  Marine x2  
  117  9:02  Missile Turret  
  117  9:03  Missile Turret  
  117  9:06  Supply Depot  
  117  9:09  Marine x4  
  125  9:10  Marauder x2  
  125  9:18  Supply Depot  
  125  9:27  Marine, Medivac  
  125  9:28  Marauder  
  125  9:31  SCV x3  
  133  9:38  Missile Turret  
  133  9:41  Medivac  
  133  9:42  Medivac  
  133  9:43  SCV x3, Missile Turret  
  140  9:50  Supply Depot  
  140  9:51  Supply Depot  
  140  9:55  Terran Infantry Weapons Level 1  
  140  10:12  Medivac x2  
  140  10:13  Supply Depot  
  144  10:20  Sensor Tower  
  144  10:22  SCV x3  
  147  10:31  Medivac x2  
  147  10:34  SCV x3  
  154  10:42  Medivac x2  
  158  10:43  Refinery  
  158  10:45  Refinery  
  158  10:46  Supply Depot  
  158  11:04  Sensor Tower  
  158  11:14  SCV x3  
  161  11:26  SCV x3  
  164  11:40  Marine x4  
  164  11:41  Marine x2  
  164  11:42  Marauder  
  164  11:45  Command Center  
  172  11:48  Barracks  
  172  11:50  Terran Infantry Armor Level 1  
  172  11:52  Barracks  
  172  11:53  Barracks  
  172  11:55  Barracks  
  172  11:57  Starport  
  172  12:14  Supply Depot  
  172  12:16  Supply Depot  
  172  12:18  Supply Depot  
  172  12:33  Marauder  
  172  12:38  Marauder x2  
  172  12:43  Marine x3  
  172  12:44  Marine x3  
  166  12:54  Marine  
  153  12:59  Marauder x2  
  141  13:14  Marine x5  
  141  13:15  Marauder, Marine  
  149  13:21  Barracks Reactor x2  
  149  13:22  Barracks Reactor  
  149  13:24  Marine x2, Barracks Reactor  
  149  13:32  Marine x2  
  151  13:45  Marine x2  
  151  13:46  Marine x3  
  151  13:47  Marauder x2  
  157  14:04  Marauder, Planetary Fortress  
  157  14:08  Marauder x2  
Show
View Real Time Build Order
Export as new Build Order

KarmaMan Protoss 

Build Orders:  

Get SALT Encoding   

  12  0:18  Probe (Chrono Boost)  
  13  0:24  Pylon  
  14  0:28  Probe (Chrono Boost)  
  14  0:31  Assimilator  
  14  0:39  Probe (Chrono Boost)  
  15  0:43  Gateway  
  15  0:50  Probe (Chrono Boost)  
  16  1:01  Probe (Chrono Boost)  
  18  1:11  Probe (Chrono Boost), Assimilator  
  18  1:17  Pylon  
  18  1:22  Probe (Chrono Boost)  
  19  1:32  Probe (Chrono Boost)  
  20  1:43  Probe (Chrono Boost)  
  21  1:53  Probe (Chrono Boost)  
  21  2:02  Nexus  
  21  2:07  Cybernetics Core  
  21  2:14  Zealot  
  23  2:20  Probe (Chrono Boost)  
  26  2:51  Mothership Core (Chrono Boost), Robotics Facility  
  26  2:52  Robotics Facility  
  26  2:54  Warp Gate (Chrono Boost)  
  26  3:01  Adept  
  28  3:10  Probe  
  29  3:13  Probe  
  30  3:22  Probe  
  30  3:23  Probe  
  32  3:28  Pylon  
  32  3:34  Probe x2  
  32  3:39  Observer  
  35  3:45  Immortal  
  39  4:00  Probe  
  39  4:01  Probe, Immortal  
  45  4:12  Probe  
  45  4:16  Gateway  
  46  4:22  Gateway  
  46  4:30  Pylon  
  46  4:35  Pylon  
  46  4:40  Immortal  
  51  4:45  Observer  
  51  4:49  Probe  
  51  4:51  Probe  
  53  5:00  Probe  
  53  5:03  Probe  
  53  5:07  Immortal  
  59  5:19  Immortal  
  56  5:50  Forge  
  56  5:52  Immortal, Pylon  
  56  5:55  Pylon  
  60  6:01  Probe  
  60  6:02  Probe, Pylon  
  62  6:06  Observer  
  63  6:11  Probe  
  63  6:14  Probe  
  63  6:16  Stalker x2  
  69  6:20  Adept  
  71  6:43  Immortal  
  71  6:44  Immortal  
  79  6:52  Assimilator  
  79  7:04  Pylon  
  79  7:10  Stalker x2  
  83  7:22  Warp Prism  
  83  7:34  Probe  
  83  7:35  Assimilator  
  83  7:36  Probe  
  85  7:45  Probe  
  85  7:46  Pylon  
  85  7:48  Probe  
  85  7:49  Pylon  
  87  7:55  Probe, Gateway  
  87  7:57  Gateway  
  88  8:00  Probe  
  88  8:05  Observer x2  
  91  8:06  Stalker  
  91  8:07  Stalker  
  91  8:11  Stalker  
  97  8:14  Probe  
  98  8:23  Protoss Ground Weapons Level 1 (Chrono Boost)  
  98  8:24  Twilight Council  
  98  8:26  Probe  
  99  8:38  Probe  
  100  9:01  Blink  
  100  9:06  Nexus  
  100  9:09  Pylon  
  101  9:11  Pylon  
  101  9:14  Pylon  
  100  9:17  Assimilator  
  100  9:21  Stalker x4  
  108  9:25  Stalker  
  110  9:44  Immortal  
  118  9:45  Immortal  
  118  9:54  Probe  
  118  9:55  Probe  
  120  10:02  Stalker  
  120  10:03  Stalker  
  120  10:05  Probe, Protoss Ground Armor Level 1 (Chrono Boost)  
  124  10:07  Probe  
  125  10:19  Probe x2  
  125  10:20  Probe, Dark Shrine  
  128  10:30  Probe x2  
  128  10:32  Probe  
  131  10:39  Assimilator  
  131  10:40  Probe x2  
  133  10:44  Probe, Observer x2  
  136  10:59  Gateway  
  136  11:00  Gateway  
  136  11:02  Resonating Glaives, Gateway  
  136  11:06  Gateway  
  136  11:11  Immortal  
  136  11:12  Immortal  
  144  11:40  Dark Templar x3  
  144  11:43  Dark Templar  
  98  12:58  Stalker x2  
  98  12:59  Stalker  
  98  13:00  Stalker  
  72  13:14  Stalker x3  
  72  13:15  Stalker x2  
  59  13:27  Dark Templar x3  
  59  13:30  Immortal  
  59  13:31  Immortal  
  70  13:39  Zealot x4  
  70  13:40  Zealot  
  57  14:17  Stalker x4  
  57  14:19  Stalker x4  
Tags
 
Composition
MMM Bio
Matchup
PvT
Add a new tag
Caveats
  • Supply blocks, unpowered buildings, or Contaminate may cause inaccurate times.
  • Supply counts are checked every 10 seconds.